 Dungeon Crawl Stone Soup version 0.28-a0-998-gb9e9c7b67e (webtiles) character file.

Game seed: 4828848091387422007

578 devnull the Skirmisher (level 7, -7/61 HPs)
             Began as a Ghoul Fighter on Dec 6, 2021.
             Mangled by a wight (17 damage)
             ... on level 4 of the Dungeon.
             The game lasted 00:07:56 (3899 turns).

devnull the Skirmisher (Ghoul Fighter)              Turns: 3899, Time: 00:07:57

Health: -7/61      AC:  9    Str: 22    XL:     7   Next: 36%
Magic:  0/6        EV: 10    Int:  3    God:
Gold:   207        SH:  5    Dex: 14    Spells: 6/6 levels left

rFire   . . .      SeeInvis .   a - +0 war axe
rCold   + + .      Faith    .   c - +0 buckler
rNeg    + + +      Spirit   +   g - +1 ring mail {rC+}
rPois   ∞          Reflect  .   w - +0 helmet
rElec   .          Harm     .   (no cloak)
rCorr   .          Rampage  .   (no gloves)
Will    .....                   u - +0 pair of boots
Stlth   +.........              v - amulet of guardian spirit
HPRegen 0.00/turn               f - +6 ring of dexterity
MPRegen 0.10/turn               (no ring)

@: about to teleport, inhibited regen
A: claws 1, cold resistance 1, negative energy resistance 3, inhibited
regeneration, torment resistance 2
a: no special abilities


You were on level 4 of the Dungeon.
You visited 1 branch of the dungeon, and saw 5 of its levels.

You collected 207 gold pieces.

Inventory:

Hand Weapons
 a - a +0 war axe (weapon)
Missiles
 b - 23 poisoned darts
 l - a throwing net (quivered)
Armour
 c - a +0 buckler (worn)
 g - a +1 ring mail of cold resistance (worn)
 u - a +0 pair of boots (worn)
 w - a +0 helmet (worn)
Jewellery
 f - a +6 ring of dexterity (left claw)
 p - the ring "Lasubuom" {rPois rCorr AC+4 Int-5}
   (You found it on level 3 of the Dungeon)

   [ring of protection]

   AC:        It affects your AC (+4).
   Int:       It affects your intelligence (-5).
   rPois:     It protects you from poison.
   rCorr:     It protects you from acid and corrosion.
 v - an amulet of guardian spirit (around neck)
Scrolls
 e - a scroll of magic mapping
 h - a scroll of fear
 i - a scroll of noise
 m - 2 scrolls of teleportation
 n - a scroll of holy word {unknown}
 o - a scroll of enchant armour {unknown}
 q - a scroll of enchant weapon {unknown}
 r - a scroll of amnesia {unknown}
 x - a scroll of brand weapon {unknown}
 y - a scroll of identify
Potions
 d - a potion of might
 j - 2 potions of curing
 k - a potion of magic {unknown}
 s - a potion of flight {unknown}
 t - a potion of lignification {unknown}
 z - a potion of heal wounds {unknown}
 A - a potion of haste


   Skills:
 + Level 5.2 Fighting
 + Level 3.9 Axes
 + Level 4.4 Armour
 + Level 4.3 Shields


You had 6 spell levels left.
You didn't know any spells.
Your spell library contained the following spells:

 Spells                   Type           Power      Damage    Failure   Level
 Foxfire                  Conj/Fire      0%         2x1d4     67%         1
 Conjure Flame            Conj/Fire      0%         6-21      96%         3
 Inner Flame              Hex/Fire       0%         N/A       96%         3
 Flame Wave               Conj/Fire      0%         2d4       100%        4


Dungeon Overview and Level Annotations

Branches:
Dungeon (5/15)
 Temple: D:4-7

Altars:
Fedhas
Trog
Wu Jian
Xom

Annotations:
D:4 1 runed translucent door, meatgazer's ghost, novice DsAK


Innate Abilities, Weirdness & Mutations

You thrive by killing the living.
You are immune to poison.
You have sharp fingernails.
Your flesh is cold resistant. (rC+)
You are immune to negative energy. (rN+++)
You do not regenerate when monsters are visible.
You are immune to unholy pain and torment.


Message History

You closely miss the wight.
The wight is almost destroyed.
You block the wight's attack.
You hit the wight.
You destroy the wight!
The wight hits you with a +1 hand axe.
You hit the wight but do no damage. The wight hits you with a +1 hand axe.
You slash the wight!
The wight is almost destroyed.
You block the wight's attack.
You hit the wight.
You destroy the wight!
You slash the wight!
The wight is heavily damaged.
The wight completely misses you. The wight hits you but does no damage.
You closely miss the wight.
The wight is heavily damaged.
The wight hits you with a +3 battleaxe of freezing!
The wight hits you but does no damage.
You are too injured to fight recklessly!
Press: ? - help, v - describe, . - travel, g - get item
Here: a wight, wielding a +3 battleaxe of freezing and wearing a +0 robe (heavily damaged)
Items here: ))) [[[.
The floor.
The wight barely misses you.
There is a stone staircase leading up here.
The wight hits you with a +3 battleaxe of freezing!
* * * LOW HITPOINT WARNING * * *
You climb upwards.
Level annotation: 1 runed translucent door, meatgazer's ghost, novice DsAK
There is a stone staircase leading down here.
You aren't carrying any items that you can evoke.
Okay, then.
Okay, then.
As you read the scroll of teleportation, it crumbles to dust.
You feel strangely unstable.
The wight hits you with a +3 battleaxe of freezing.
* * * LOW HITPOINT WARNING * * *
The wight hits you with a +3 battleaxe of freezing!!
You die...

.##...##.##..##..............#
..#####......##.##############
(...(....###..#.# .........#
##.#.# ....(...(# #.#.#
....(....####...#################
####......[.......).............#
#.....#####.z###)..#########.# ##
#.....# ##>@...............#
.###.....#### ####..............#
............# #..............#
............# #..............#
............# #..............#
.#################..............#
.# #............................#
.# #............................#
.# #............................#


You could see a wight.

Vanquished Creatures
  A black bear (D:3)
  A scorpion (D:4)
  3 wights (D:5)
  A bullfrog skeleton (D:4)
  A centaur skeleton (D:4)
  An iguana (D:4)
  An orc wizard (D:2)
  Robin (D:4)
  3 gnolls (D:4)
  3 adders
  2 worms
  2 dart slugs
  5 orcs
  9 ball pythons
  2 bats
  13 endoplasms
  9 giant cockroaches
  16 goblins
  18 hobgoblins
  4 jackals (D:3)
  4 quokkas
  4 frilled lizards
  9 kobolds
  8 rats
  A spectral hobgoblin (D:1)
122 creatures vanquished.

Vanquished Creatures (others)
  3 plants (D:4)
3 creatures vanquished.

Grand Total: 125 creatures vanquished

Notes
Turn   | Place    | Note
-------+----------+-------------------------------------------
     0 | D:1      | devnull the Ghoul Fighter began the quest for the Orb.
     0 | D:1      | Reached XP level 1. HP: 19/19 MP: 0/0
   133 | D:1      | Reached XP level 2. HP: 21/26 MP: 1/1
   308 | D:1      | Found a faded altar of an unknown god.
   613 | D:1      | Reached XP level 3. HP: 31/31 MP: 2/2
  1092 | D:2      | HP: 1/33 [something/magic dart (5)]
  1094 | D:2      | Reached XP level 4. HP: 1/40 MP: 3/3
  1602 | D:2      | Reached skill level 4 in Fighting
  1892 | D:3      | Noticed a black bear
  1897 | D:3      | Killed a black bear
  1898 | D:3      | Reached XP level 5. HP: 46/47 MP: 4/4
  1976 | D:3      | Found a blossoming altar of Fedhas.
  2423 | D:3      | Identified the ring "Lasubuom" {rPois rCorr AC+4 Int-5}
  2949 | D:4      | Found an ornate altar of the Wu Jian Council.
  2951 | D:4      | Found a shimmering altar of Xom.
  2971 | D:4      | Reached XP level 6. HP: 53/53 MP: 5/5
  3008 | D:4      | Noticed Robin
  3074 | D:4      | Killed Robin
  3526 | D:4      | Reached skill level 5 in Fighting
  3615 | D:4      | Found a bloodstained altar of Trog.
  3625 | D:4      | Found a runed translucent door.
  3631 | D:4      | Noticed meatgazer's ghost (novice DsAK)
  3673 | D:4      | Reached XP level 7. HP: 60/61 MP: 6/6
  3786 | D:5      | Entered Level 5 of the Dungeon
  3899 | D:4      | Mangled by a wight

Illustrated notes

Levels and vault maps discovered:
D:1:      minmay_arrival_open_corners, layout_loops_ring,
          dreamdust_ecumenical_altar_drowned_temple
D:2:      layout_basic
D:3:      minmay_octagon_keep, layout_basic, fedhas_altar_3,
          corexii_corridor_pit, kennysheep_small_spiral, grunt_decor_resistance,
          minivault_11, kennysheep_generic_room_2
D:4:      layout_basic, trog_hazing_becter, mainiacjoe_overflow_catwalk_spiral,
          ebering_ghost_reflecting_pool, nicolae_grassy_gnolls, uniq_robin
D:5:      layout_basic, gammafunk_temple_overflow_statue,
          mainiacjoe_overflow_cross_hatched, mumra_transporter_accident

Skill      XL: |  1  2  3  4  5  6 |
---------------+-------------------+-----
Axes           | 2 3 |  3.9
Shields        | 3 4 |  4.3
Armour         | 3 4 |  4.4
Fighting       | 4 5 |  5.2

Action                   |  1- 3 |  4- 6 |  7- 9 || total
-------------------------+-------+-------+-------++-------
Melee: War axe           |   103 |   228 |    21 ||   352
  Use: Scroll            |       |     4 |     2 ||     6
       Potion            |       |     1 |       ||     1
Armor: Scale mail        |    21 |       |       ||    21
       Ring mail         |    38 |    96 |     4 ||   138
Dodge: Dodged            |    39 |   136 |    10 ||   185
Block: Buckler           |    32 |    56 |     4 ||    92

Table legend: (Time is in decaauts)
 A = Elapsed time spent in this place.
 B = Non-inter-level travel time spent in this place.
 C = Inter-level travel time spent in this place.
 D = Time resting spent in this place.
 E = Time spent auto-exploring this place.
 F = Levels seen in this place.
 G = Mean time per level.
                   A        B        C        D        E       F      G
               +--------+--------+--------+--------+--------+-----+--------+
         Total |   4036 |   3821 |    215 |    290 |   2594 |   5 |  807.2 |
       Dungeon |   4036 |   3821 |    215 |    290 |   2594 |   5 |  807.2 |
               +--------+--------+--------+--------+--------+-----+--------+

Top non-repeatable levels by time:
     D:3: 1176 daAuts
     D:1: 1038 daAuts
     D:4: 882 daAuts
     D:2: 823 daAuts
     D:5: 116 daAuts
